 Dungeon Crawl Stone Soup version 0.25-a0-164-gb55e97d (webtiles) character file.

Game seed: 17784294684090593392, levelgen mode: deterministic

6729 Firecrotchwizard the Cruncher (level 11, -12/90 HPs)
             Began as a Formicid Fighter on Nov 22, 2019.
             Was a Believer of Makhleb.
             Mangled by a flayed ghost (22 damage)
             ... on level 10 of the Dungeon.
             The game lasted 00:17:06 (9252 turns).

Firecrotchwizard the Cruncher (Formicid Fighter)    Turns: 9252, Time: 00:17:07

Health: -12/90     AC: 11    Str: 24    XL:     11   Next: 24%
Magic:  14/14      EV:  8    Int:  8    God:    Makhleb [**....]
Gold:   629        SH: 12    Dex: 10    Spells: 10/10 levels left

rFire    + . .     SeeInvis +   D - +1 lajatang
rCold    . . .     Gourm    .   c - +1 shield
rNeg     . . .     Faith    .   J - +0 plate armour
rPois    .         Spirit   .   (helmet unavailable)
rElec    .         Reflect  .   (no cloak)
rCorr    .         Harm     .   (no gloves)
MR       +....                  (no boots)
Stlth    ..........             (no amulet)
HPRegen  0.25/turn              h - +2 ring of evasion
MPRegen  0.14/turn              s - ring of protection from fire {rF+, !d}

@: flayed, lightly drained
A: permanent stasis, dig shafts and tunnels, four strong arms, antennae 3
a: Dig, Shaft Self, Minor Destruction, Renounce Religion


You were on level 10 of the Dungeon.
You worshipped Makhleb.
Makhleb was pleased with you.
You were not hungry.

You visited 2 branches of the dungeon, and saw 11 of its levels.

You collected 629 gold pieces.

Inventory:

Hand Weapons
 a - a +0 quarterstaff
 D - a +1 lajatang (weapon)
   (You found it on level 7 of the Dungeon)
Missiles
 x - 5 throwing nets {=f, !d}
Armour
 b - a +0 scale mail
 c - a +1 shield (worn)
 o - a +3 scale mail of magic resistance
   (You took it off Harold on level 7 of the Dungeon)
 v - a +0 chain mail
   (You found it on level 3 of the Dungeon)
 J - a +0 plate armour (worn)
   (You took it off an orc warrior on level 8 of the Dungeon)
Magical Staves
 u - an uncursed staff of air {unknown}
   (You found it on level 2 of the Dungeon)
Jewellery
 h - a +2 ring of evasion (left hand)
   (You found it on level 6 of the Dungeon)
 j - an uncursed ring of resist corrosion
   (You found it on level 5 of the Dungeon)
 s - a ring of protection from fire (right hand) {rF+, !d}
   (You found it on level 6 of the Dungeon)
 G - an uncursed ring of stealth {Stlth+}
   (You took it off a wight on level 7 of the Dungeon)
Wands
 g - a wand of disintegration (11)
   (You found it on level 5 of the Dungeon)
 H - a wand of acid (10)
   (You took it off a wight on level 8 of the Dungeon)
 K - a wand of flame (21)
   (You took it off a wight on level 8 of the Dungeon)
 M - a wand of polymorph (6)
   (You found it on level 9 of the Dungeon)
Scrolls
 n - 3 scrolls of remove curse
 q - 2 scrolls of fog
 r - 2 scrolls of immolation {!r}
 t - 4 scrolls of identify
 w - 3 scrolls of teleportation
 y - 2 scrolls of fear
 C - a scroll of enchant armour
 E - a scroll of magic mapping {!r}
 N - a scroll of blinking {unknown}
Potions
 d - a potion of magic {unknown}
 e - 2 potions of haste {unknown}
 i - 3 potions of flight
 k - a potion of cancellation {unknown}
 l - 3 potions of agility
 m - 3 potions of mutation {!q}
 p - 4 potions of heal wounds
 z - 2 potions of invisibility {unknown}
 A - 2 potions of lignification {unknown}
 B - a potion of curing {unknown}
 F - a potion of berserk rage {unknown}
 I - a potion of resistance {unknown}
Comestibles
 f - 16 rations
 L - 12 chunks of flesh {@w0}


   Skills:
 + Level 9.8(9.2) Fighting
 * Level 11.8(11.2) Staves
 - Level 3.2(2.8) Armour
 - Level 9.0(8.4) Shields
 + Level 4.4(3.9) Invocations


You had 10 spell levels left.
You didn't know any spells.
Your spell library was empty.

Dungeon Overview and Level Annotations

Branches:
Dungeon (10/15)            Temple (1/1) D:7            Lair (0/6) D:9
    Orc: D:9-12

Altars:
Ashenzari
Cheibriados
Elyvilon
Fedhas
Gozag
Hepliaklqana
Kikubaaqudgha
Makhleb
Nemelex Xobeh
Okawaru
Qazlal
Sif Muna
Trog
Uskayaw
Vehumet
Wu Jian
Xom
Yredelemnul
Zin
The Shining One

Shops:
D:7 %   D:9 *


Innate Abilities, Weirdness & Mutations

You cannot be hasted, slowed, berserked, paralysed or teleported.
You can dig through walls and to a lower floor.
Your four strong arms can wield two-handed weapons with a shield.
You have a pair of large antennae on your head. (SInv)


Message History

a +0 flail; a gnoll corpse The quokka zombie bites you but does no damage.
You hit the quokka zombie.
The quokka zombie bites you but does no damage.
You slash the quokka zombie!
You destroy the quokka zombie!
Makhleb accepts your kill.
No target in view!
You butcher the gnoll corpse.
L - 6 chunks of flesh {@w0} (gained 3)
Things that are here:
a +0 flail; a gnoll skeleton
Things that are here:
a +0 flail; a gnoll skeleton
Things that are here:
a +0 halberd; 9 poisoned darts; a gnoll corpse You butcher the gnoll corpse.
L - 9 chunks of flesh {@w0} (gained 3)
Things that are here:
a +0 halberd; 9 poisoned darts; a gnoll skeleton
Things that are here:
a +0 halberd; 9 poisoned darts; a gnoll skeleton
Things that are here:
a +0 whip; a gnoll skeleton
Things that are here:
a +3 whip; a cursed +0 robe; a gnoll corpse You butcher the gnoll corpse.
L - 12 chunks of flesh {@w0} (gained 3)
Things that are here:
a +3 whip; a cursed +0 robe; a gnoll skeleton
Things that are here:
a +3 whip; a cursed +0 robe; a gnoll skeleton
N - a scroll labeled QAC AZUSOPLIEDD You see here a falchion.
There is a large open door here.
There is a large open door here.
Things that are here:
a +0 mace; 8 boomerangs; a +0 plate armour
Things that are here:
a cursed -2 dagger; a +0 robe
Found a staircase to the Lair.
Done exploring.
Done exploring.
Done exploring.
(D) Dungeon (T) Temple (L) Lair
Where to? (Enter - D:9, ? - help)
There is a stone staircase leading down here.
You climb downwards.
Found a copper wand and a scroll of magic mapping.
Found a stone staircase leading down.
There is a stone staircase leading up here.
You open the large door.
A centaur comes into view.
The centaur shouts!
The centaur wields a +0 shortbow.
The centaur shoots an arrow.
You block the arrow.
A jelly comes into view.
There is a large open door here.
The centaur shoots an arrow.
The arrow hits you but does no damage.
You see here an arrow.
A flayed ghost comes into view.
The jelly hits you.
You are splashed with acid!
The centaur shoots an arrow.
You block the arrow.
You see here an arrow.
You take 10 damage, and have 80/90 hp.
The centaur shoots an arrow.
You block the arrow.
The centaur shoots an arrow.
You block the arrow. You block the jelly's attack.
You see here 2 arrows.
You slice the jelly!!
You kill the jelly!
Makhleb accepts your kill.
The centaur shoots an arrow.
The arrow hits you but does no damage.
The centaur shoots an arrow.
The arrow hits you.
The flayed ghost stares at you with tortured malice.
Terrible wounds open up all over your body!
You see here 2 arrows.
You take 24 damage, and have 56/90 hp.
MASSIVE DAMAGE!!
The flayed ghost cries, "Suffer as I suffered!"
Terrible wounds spread across more of your body!
The centaur shoots an arrow.
The arrow hits you.
You see here an arrow.
You take 17 damage, and have 39/90 hp.
You barely miss the flayed ghost.
The centaur shoots an arrow.
The arrow hits you. You block the flayed ghost's attack.
You take 5 damage, and have 34/90 hp.
The flayed ghost hits you.
Found a stone staircase leading up.
You take 4 damage, and have 30/90 hp.
You slice the flayed ghost!! You barely miss the flayed ghost.
The centaur shoots an arrow.
The arrow barely misses you. The flayed ghost hits you!
* * * LOW HITPOINT WARNING * * *
You take 12 damage, and have 18/90 hp.
You hit the flayed ghost.
The centaur shoots an arrow.
The arrow hits you!
* * * LOW HITPOINT WARNING * * *
The flayed ghost cries, "Feel what I felt!"
You take 8 damage, and have 10/90 hp.
You closely miss the flayed ghost.
The centaur shoots an arrow.
You block the arrow. The flayed ghost hits you!!
You die...

≈≈ ≈ { ## ## .##{
≈.# ≈≈ ..##≈§§#
≈§#. #..#§≈.#.
≈§#.. #.(#§≈§.<
#≈≈#.. #@W#≈≈#
#≈≈#..####(.#≈≈#
§≈≈##.c.((.##≈≈...
§≈§≈##..c(##≈≈≈ .
..≈≈8##''##8≈≈#
..≈≈≈.8(.8.≈§≈#
...§§≈...§§§§##
...§§≈≈<>§≈§##
../.§≈§§≈§≈##


You could see a flayed ghost and a centaur.

Vanquished Creatures
  Harold (D:7)
  Pikel (D:6)
  A meliai (shapeshifter) (D:9)
  Grinder (D:5)
  A steam dragon (D:9)
  Edmund (D:6)
  A water moccasin (D:4)
  An ice beast (D:6)
  6 orc warriors
  2 sky beasts
  6 ogres
  3 phantoms
  A necrophage (D:6)
  2 centaurs
  A big kobold (D:8)
  Blork the orc (D:6)
  2 bullfrogs
  A wyvern skeleton (D:7)
  A scorpion (D:9)
  3 killer bees (D:7)
  12 wights
  A howler monkey (D:3)
  4 crimson imps
  A jelly (D:10)
  A quasit (D:7)
  3 orc priests
  6 hounds
  A centaur skeleton (D:7)
  2 gnoll shamans
  10 worker ants
  5 iguanas
  19 orc wizards
  A hound skeleton (D:6)
  2 worker ant zombies (D:6)
  Robin (D:2)
  15 gnolls
  14 adders
  A shadow imp (D:6)
  2 oozes
  3 adder skeletons
  3 adder zombies
  2 worms (D:2)
  2 dart slugs (D:1)
  4 leopard geckos
  40 orcs
  12 bats
  3 giant cockroaches
  8 goblins (D:2)
  5 hobgoblins
  5 jackals
  14 kobolds
  7 quokkas
  2 ball pythons
  4 frilled lizards
  A leopard gecko skeleton (D:7)
  A leopard gecko zombie (D:8)
  A quokka zombie (D:9)
  9 rats
  2 rat zombies (D:8)
266 creatures vanquished.

Notes
Turn   | Place    | Note
-------+----------+-------------------------------------------
     0 | D:1      | Firecrotchwizard the Formicid Fighter began the quest for
                  | the Orb.
     0 | D:1      | Reached XP level 1. HP: 18/18 MP: 1/1
   237 | D:1      | Reached XP level 2. HP: 21/24 MP: 2/2
   393 | D:1      | Reached XP level 3. HP: 28/29 MP: 3/3
   423 | D:1      | Reached skill level 4 in Shields
   546 | D:1      | Reached skill level 3 in Staves
   969 | D:2      | Reached XP level 4. HP: 37/37 MP: 4/4
  1032 | D:2      | Noticed Robin
  1071 | D:2      | Killed Robin
  1082 | D:2      | Reached skill level 4 in Fighting
  1309 | D:2      | Found a snail-covered altar of Cheibriados.
  1397 | D:2      | Found a sparkling altar of Nemelex Xobeh.
  1760 | D:2      | Reached XP level 5. HP: 42/42 MP: 5/5
  2024 | D:3      | Found an ornate altar of the Wu Jian Council.
  2077 | D:3      | Reached skill level 4 in Staves
  2120 | D:3      | Reached XP level 6. HP: 34/49 MP: 6/6
  2146 | D:3      | Reached skill level 5 in Shields
  2554 | D:3      | Reached skill level 5 in Staves
  2694 | D:4      | Noticed a phantom
  2727 | D:3      | Killed a phantom
  2727 | D:3      | Reached skill level 5 in Fighting
  2727 | D:3      | Reached XP level 7. HP: 51/56 MP: 7/7
  3395 | D:5      | Entered Level 5 of the Dungeon
  3395 | D:5      | Noticed a water moccasin
  3408 | D:4      | Killed a water moccasin
  3408 | D:4      | Reached skill level 6 in Staves
  3408 | D:4      | Reached skill level 6 in Shields
  3408 | D:4      | Reached XP level 8. HP: 63/63 MP: 8/8
  3605 | D:5      | Noticed Grinder
  3614 | D:5      | Killed Grinder
  3614 | D:5      | Reached skill level 6 in Fighting
  3629 | D:5      | Reached skill level 7 in Staves
  4001 | D:5      | Reached skill level 7 in Shields
  4495 | D:6      | Noticed Blork the orc
  4495 | D:6      | Noticed Edmund
  4520 | D:6      | Killed Blork the orc
  4520 | D:6      | Reached XP level 9. HP: 63/71 MP: 9/9
  4636 | D:6      | Killed Edmund
  4636 | D:6      | Reached skill level 8 in Staves
  4748 | D:6      | Reached skill level 7 in Fighting
  4982 | D:6      | Found a basalt altar of Yredelemnul.
  4983 | D:6      | Found a blossoming altar of Fedhas.
  5163 | D:6      | Reached skill level 8 in Shields
  5276 | D:6      | Noticed Pikel
  5314 | D:6      | Killed Pikel
  5314 | D:6      | Reached skill level 9 in Staves
  5352 | D:6      | Reached XP level 10. HP: 62/80 MP: 10/10
  5681 | D:7      | Reached skill level 8 in Fighting
  6207 | D:7      | Found a burning altar of Makhleb.
  6300 | D:7      | Reached skill level 9 in Shields
  6313 | D:7      | Found a staircase to the Ecumenical Temple.
  6315 | D:7      | Noticed Harold
  6347 | D:7      | Killed Harold
  6347 | D:7      | Reached skill level 10 in Staves
  6371 | Temple   | Entered the Ecumenical Temple
  6692 | D:7      | Became a worshipper of Makhleb the Destroyer
  6812 | D:7      | Found Corog's Food Emporium.
  7246 | D:8      | Reached skill level 1 in Invocations
  7277 | D:8      | Reached skill level 9 in Fighting
  7459 | D:8      | Reached * piety under Makhleb
  7500 | D:8      | Reached skill level 2 in Invocations
  7660 | D:8      | Reached skill level 11 in Staves
  7683 | D:8      | Found an ancient bone altar of Kikubaaqudgha.
  8241 | D:9      | Found a hide-covered altar of Uskayaw.
  8280 | D:9      | Reached skill level 3 in Invocations
  8414 | D:9      | Reached XP level 11. HP: 82/89 MP: 13/13
  8656 | D:9      | Found a shimmering altar of Xom.
  8662 | D:9      | Reached ** piety under Makhleb
  8674 | D:9      | Reached skill level 4 in Invocations
  8781 | D:9      | Found Udaymy's General Store.
  9085 | D:9      | Found a shattered altar of Ashenzari.
  9097 | D:9      | Found an iron altar of Okawaru.
  9228 | D:9      | Found a staircase to the Lair.
  9236 | D:10     | Entered Level 10 of the Dungeon
  9242 | D:10     | Noticed a flayed ghost
  9250 | D:10     | HP: 18/90 [flayed ghost (12)]
  9252 | D:10     | Mangled by a flayed ghost

Levels and vault maps discovered:
D:1:      wander_arrival_fairy_ring, layout_basic, st_stairs_10
D:2:      layout_basic, lemuel_round_altar, lemuel_round_altar,
          supply_closet_lemuel, uniq_robin
D:3:      layout_loops_ring, overflow_temple_1_default
D:4:      layout_loops_ring
D:5:      layout_rooms, first_ration, serial_rivers,
          chequers_serial_rivers_small_b, chequers_serial_rivers_small_3,
          chequers_serial_rivers_micro_d, chequers_serial_rivers_large_b,
          chequers_serial_rivers_micro_b, chequers_serial_rivers_room_b,
          uniq_grinder
D:6:      layout_basic, gammafunk_temple_overflow_statue, uniq_pikel,
          uniq_edmund, uniq_blork_the_orc
D:7:      layout_rooms, lightli_temple_of_fire, minmay_temple_entry_grid,
          serial_shops, shop, uniq_harold
D:8:      layout_cave_pools, lemuel_zombie_altar_kikubaaqudgha
D:9:      kennysheep_big_flooded_room, layout_grid_maze, old_standard_altar,
          nicolae_overflow_hidden_temple, kennysheep_little_box,
          lemuel_crystal_altar, serial_shops, nicolae_shop_waterfront
D:10:     minmay_spotlight, layout_basic, david_orc_3, the_bakery,
          kennysheep_island_fort
Temple:   compressed_dpeg_triangle_lava_temple

Skill      XL: |  1  2  3  4  5  6  7  8  9 10 11 |
---------------+----------------------------------+-----
Shields        | 4 5 6 7 8 9 |  9.0
Staves         | 3 4 5 6 7 9 11 | 11.8
Fighting       | 4 5 6 7 9 |  9.8
Invocations    | 3 4 |  4.4
Armour         | |  3.2

Action                   |  1- 3 |  4- 6 |  7- 9 | 10-12 || total
-------------------------+-------+-------+-------+-------++-------
Melee: Quarterstaff      |    85 |   196 |   390 |   294 ||   965
       Lajatang          |       |       |       |   185 ||   185
  Use: Scroll            |       |       |    11 |     3 ||    14
       Potion            |       |       |     1 |       ||     1
  Eat: Chunk             |       |     6 |     9 |    13 ||    28
Armor: Scale mail        |    45 |    38 |       |    41 ||   124
       Chain mail        |       |    64 |   118 |    31 ||   213
       Plate armour      |       |       |       |    55 ||    55
Dodge: Dodged            |    37 |    55 |    78 |   155 ||   325
Block: Shield            |    46 |   104 |   222 |   293 ||   665

Table legend:
 A = Non-vault XP
 B = Vault XP
 C = Vault XP percentage of total XP
 D = Non-vault monster count
 E = Vault monster count
 F = Vault count percentage of total count
                 A         B        C        D         E       F
            +---------+---------+-------+---------+---------+-------
      Total |    7004 |    2609 |  27.1 |     240 |      26 |   9.8
            +---------+---------+-------+---------+---------+-------
        D:1 |      45 |      12 |  21.1 |      23 |       5 |  17.9
        D:2 |      51 |      32 |  38.6 |      13 |      11 |  45.8
        D:3 |     480 |       0 |   0.0 |      30 |       0 |   0.0
        D:4 |     487 |       0 |   0.0 |      17 |       0 |   0.0
        D:5 |     523 |     281 |  35.0 |      22 |       1 |   4.3
        D:6 |    1186 |     906 |  43.3 |      28 |       3 |   9.7
        D:7 |     799 |     976 |  55.0 |      20 |       1 |   4.8
        D:8 |    1279 |       2 |   0.2 |      38 |       2 |   5.0
        D:9 |    2154 |     358 |  14.3 |      49 |       2 |   3.9
       D:10 |       0 |      42 | 100.0 |       0 |       1 | 100.0
            +---------+---------+-------+---------+---------+-------

Levels and vault maps discovered:
D:1:      wander_arrival_fairy_ring, layout_basic, st_stairs_10
D:2:      layout_basic, lemuel_round_altar, lemuel_round_altar,
          supply_closet_lemuel, uniq_robin
D:3:      layout_loops_ring, overflow_temple_1_default
D:4:      layout_loops_ring
D:5:      layout_rooms, first_ration, serial_rivers,
          chequers_serial_rivers_small_b, chequers_serial_rivers_small_3,
          chequers_serial_rivers_micro_d, chequers_serial_rivers_large_b,
          chequers_serial_rivers_micro_b, chequers_serial_rivers_room_b,
          uniq_grinder
D:6:      layout_basic, gammafunk_temple_overflow_statue, uniq_pikel,
          uniq_edmund, uniq_blork_the_orc
D:7:      layout_rooms, lightli_temple_of_fire, minmay_temple_entry_grid,
          serial_shops, shop, uniq_harold
D:8:      layout_cave_pools, lemuel_zombie_altar_kikubaaqudgha
D:9:      kennysheep_big_flooded_room, layout_grid_maze, old_standard_altar,
          nicolae_overflow_hidden_temple, kennysheep_little_box,
          lemuel_crystal_altar, serial_shops, nicolae_shop_waterfront
D:10:     minmay_spotlight, layout_basic, david_orc_3, the_bakery,
          kennysheep_island_fort
Temple:   compressed_dpeg_triangle_lava_temple

Table legend:
 A = Turns spent in this place as a percentage of turns spent in the entire game.
 B = Non-inter-level travel turns spent in this place as a percentage of non-inter-level travel turns spent in the entire game.
 C = Inter-level travel turns spent in this place as a percentage of turns spent in this place.
 D = Turns resting spent in this place as a percentage of non-inter-level travel turns spent in this place.
 E = Turns spent auto-exploring this place as a percentage of non-inter-level travel turns spent in this place.
 F = Non-inter-level travel turns spent in this place divided by the number of levels of this place that you've seen.
                   A       B       C       D       E      F
               +-------+-------+-------+-------+-------+----------------------
         Total | 100.0 | 100.0 |   3.3 |  27.0 |  49.3 | 813.3
       Dungeon |  97.2 |  97.3 |   3.2 |  26.7 |  49.1 | 870.4
        Temple |   2.8 |   2.7 |   7.6 |  37.2 |  57.9 | 242.0
               +-------+-------+-------+-------+-------+----------------------

Table legend:
 A = Kills in this place as a percentage of kills in entire the game.
 B = Kills by you in this place as a percentage of kills by you in the entire game.
 C = Kills by friends in this place as a percentage of kills by friends in the entire game.
 D = Other kills in this place as a percentage of other kills in the entire game.
 E = Experience gained in this place as a percentage of experience gained in the entire game.
 F = Experience gained in this place divided by the number of levels of this place that you have seen.
                   A       B       C       D       E      F
               +-------+-------+-------+-------+-------+----------------------
         Total | 100.0 | 100.0 |   N/A |   N/A | 100.0 | 873.9
       Dungeon | 100.0 | 100.0 |   N/A |   N/A | 100.0 | 961.3
               +-------+-------+-------+-------+-------+----------------------
